AoeStats
← Lastmantillidie

Black Forest

509470463Analyzed
4v4 RM · 6d ago on Sep 26, 2026· 45m 56s· 8 players
Game mode
Random Map
Map size
Large (8 player)
Population
200
Speed
Normal
Resources
Standard
Victory
Conquest
Starting age
Dark Age
Ending age
Imperial Age
RankedLock teamsTeams togetherTeam positionsShared explorationLock speedFull tech treeHidden civsTurbo modeCheats
Victory
Defeat
🇺🇸 Persians · United States
1557
+11
🇫🇷 Saxons · France
1544
+12
🇦🇷 Huns · Argentina
1539
+12
🇩🇪 Ethiopians · Germany
1536
+12
🇯🇵 Dravidians · Japan
1506
-13
🇨🇴 Mongols · Colombia
1453
-12
🇧🇩 Burgundians · Bangladesh
1431
-11
🇺🇾 Sicilians · Uruguay
1420
-11
Lastmantillidie
11:36 Feudal Age
15:14 Castle Age
13:38 Double-Bit Axe
13:53 Fishing Lines
16:31 Bow Saw
17:07 Gillnets
17:11 Horse Collar
22:14 Wheelbarrow
22:22 Heavy Plow
22:42 Stone Mining
23:32 Gold Mining
24:40 Fervor
25:15 Hand Cart
25:41 Stone Shaft Mining
25:59 Loom
29:16 Imperial Age
27:27 Scale Barding Armor
28:51 Chain Barding Armor
28:43 Forging
29:11 Gold Shaft Mining
28:53 Bloodlines
28:43 Husbandry
30:12 Conscription
30:23 Guilds
30:13 Caravan
30:47 Crop Rotation
31:32 Plate Barding Armor
31:34 Iron Casting
32:19 Two-Man Saw
33:31 Blast Furnace
32:47 Masonry
32:46 Elite War Elephant
34:31 Fletching
35:50 Chemistry
36:04 Hoardings
35:49 Devotion
39:33 Bodkin Arrow
41:25 Ballistics
41:36 Architecture
41:45 Theocracy
41:51 Faith
41:49 Light Cavalry
TATAKAE
1:09 Loom
11:05 Feudal Age
12:47 Double-Bit Axe
15:07 Castle Age
16:00 Bow Saw
18:31 Fishing Lines
20:44 Horse Collar
21:57 Wheelbarrow
27:45 Imperial Age
25:56 Scale Mail Armor
26:36 Hand Cart
26:11 Town Watch
26:33 Stone Mining
26:35 Gold Mining
27:07 Chain Mail Armor
27:26 Squires
27:14 Gambesons
27:51 Forging
28:22 Arson
29:09 Plate Mail Armor
29:14 Iron Casting
28:55 Onager
29:49 Heavy Plow
29:31 Pikeman
29:42 Elite Varangian Guard
34:33 Siege Engineers
35:29 Chemistry
35:16 Conscription
38:12 Caravan
37:51 Capped Ram
40:35 Siege Ram
ME_DEPRIME_JUGAR_CON_USTEDES
11:46 Feudal Age
15:39 Castle Age
13:28 Double-Bit Axe
15:57 Fishing Lines
16:32 Bow Saw
17:01 Gillnets
19:52 Wheelbarrow
23:24 Caravan
23:36 Horse Collar
27:25 Scale Barding Armor
27:31 Forging
27:34 Bloodlines
28:08 Hand Cart
29:46 Chain Barding Armor
29:15 Loom
32:11 Imperial Age
29:47 Marauders
30:24 Iron Casting
30:50 Husbandry
30:44 Gold Mining
33:30 Plate Barding Armor
32:18 Cavalier
33:20 Conscription
34:13 Blast Furnace
34:35 Paladin
38:07 Two-Man Saw
38:00 Fletching
38:11 Padded Archer Armor
39:03 Heavy Plow
42:53 Guilds
43:13 Coinage
43:09 Light Cavalry
43:45 Bodkin Arrow
44:06 Leather Archer Armor
44:46 Bracer
46:18 Scale Mail Armor
45:41 Hussar
46:08 Town Watch
46:16 Stone Mining
47:02 Gold Shaft Mining
46:52 Atheism
45:52 Elite Tarkan
DonDanileau
0:49 Loom
13:26 Feudal Age
15:37 Fletching
18:41 Castle Age
17:47 Double-Bit Axe
20:03 Bodkin Arrow
26:03 Town Watch
27:40 Horse Collar
32:32 Imperial Age
30:25 Fishing Lines
30:10 Crossbowman
32:18 Ballistics
32:37 Arbalester
33:42 Bracer
34:16 Thumb Ring
37:07 Chemistry
39:41 Padded Archer Armor
39:33 Elite Skirmisher
41:42 Leather Archer Armor
45:26 Ring Archer Armor
DiegoRosi
5:05 Loom
11:40 Feudal Age
15:56 Castle Age
13:43 Double-Bit Axe
16:09 Wheelbarrow
15:30 Gold Mining
17:04 Bow Saw
17:04 Fishing Lines
20:12 Hand Cart
26:45 Gold Shaft Mining
25:54 Horse Collar
29:43 Imperial Age
29:11 Stone Mining
29:13 Town Watch
30:19 Ballistics
29:59 Capped Ram
31:10 Drill
32:28 Chemistry
30:56 Siege Ram
30:58 Heavy Scorpion
31:44 Fletching
33:18 Bodkin Arrow
43:08 Onager
[LdS]Nestoter
0:30 Loom
11:19 Feudal Age
13:08 Double-Bit Axe
13:30 Arson
13:42 Horse Collar
18:46 Wheelbarrow
18:41 Town Watch
23:57 Castle Age
22:52 Scale Mail Armor
23:05 Gold Mining
25:22 Bow Saw
27:57 Imperial Age
25:54 Chain Mail Armor
25:51 Heavy Plow
28:38 Hand Cart
29:24 Plate Mail Armor
28:19 Capped Ram
29:31 Siege Ram
32:39 Forging
34:10 Sanctity
34:00 Fervor
34:19 Illumination
33:31 Pikeman
34:11 Squires
35:24 Gold Shaft Mining
40:01 Iron Casting
39:18 Fletching
39:28 Padded Archer Armor
39:10 Halberdier
40:14 Elite Skirmisher
41:55 Blast Furnace
41:34 Bodkin Arrow
42:29 Leather Archer Armor
45:01 Bracer
Songoku
12:35 Feudal Age
16:04 Castle Age
13:54 Double-Bit Axe
14:23 Horse Collar
17:01 Bow Saw
18:33 Horse Collar
20:37 Town Watch
24:37 Wheelbarrow
25:10 Fishing Lines
27:37 Hand Cart
30:05 Imperial Age
28:03 Fletching
28:23 Heavy Plow
28:41 Gillnets
28:56 Bodkin Arrow
29:05 Gold Mining
29:48 Loom
30:09 Thumb Ring
30:24 Padded Archer Armor
31:29 Conscription
31:16 Bracer
31:32 Caravan
32:04 Medical Corps
32:25 Ballistics
33:05 Chemistry
32:47 Leather Archer Armor
32:03 Pikeman
32:44 Squires
32:33 Halberdier
33:20 Gambesons
33:51 Scale Mail Armor
34:02 Forging
36:42 Chain Mail Armor
37:03 Iron Casting
38:06 Plate Mail Armor
38:21 Elite Elephant Archer
41:25 Wootz Steel
42:28 Arson
43:57 Two-Man Saw
42:51 Onager
45:16 Masonry
45:02 Murder Holes
45:51 Coinage
Gunslinger
1:30 Loom
11:57 Feudal Age
12:26 Double-Bit Axe
17:14 Castle Age
19:30 Bow Saw
19:09 Horse Collar
20:53 Wheelbarrow
25:03 Hand Cart
25:42 Gold Mining
25:43 Stone Mining
27:47 Gold Shaft Mining
27:48 Stone Shaft Mining
31:23 Imperial Age
28:41 Cavalier
29:21 Husbandry
30:09 Scale Barding Armor
30:15 Forging
31:55 Paladin
35:39 Chain Barding Armor
35:54 Iron Casting
36:55 Chemistry
37:30 Plate Barding Armor
39:50 Blast Furnace
Connection lost

Rejoining the realm…

Still unreachable

The connection could not be restored.

Session expired

The server has moved on; the page needs a fresh start.